 Dungeon Crawl Stone Soup version 0.18.1-48-g4cf74bf (webtiles) character file.

110 Inkary the Chopper (level 5, 0/41 HPs)
             Began as a Formicid Fighter on Sept 9, 2016.
             Slain by Crazy Yiuf
             ... wielding a +2 quarterstaff of chaos
              (3 damage)
             ... on level 3 of the Dungeon.
             The game lasted 00:02:13 (1555 turns).

Inkary the Chopper (Formicid Fighter)               Turns: 1555, Time: 00:02:14

Health: 0/41       AC:  6    Str: 20    XL:     5   Next: 14%
Magic:  5/5        EV:  7    Int:  8    God:
Gold:   99         SH:  9    Dex: 11    Spells: 0 memorised, 4 levels left

rFire  . . .     SeeInvis +     a - +0 war axe
rCold  . . .     Gourm    .     b - +0 scale mail
rNeg   . . .     Faith    .     c - +0 shield
rPois  .         Spirit   .     (helmet unavailable)
rElec  .         Dismiss  .     (no cloak)
rCorr  .         Reflect  .     (no gloves)
SustAt .         Harm     .     (no boots)
MR     .....                    (no amulet)
Stlth  ..........               (no ring)
                                (no ring)

@: not resistant to hostile enchantments, extremely unstealthy
A: permanent stasis, dig shafts and tunnels, four strong arms, antennae 3
a: Dig, Shaft Self


You were on level 3 of the Dungeon.
You were not hungry.

You visited 1 branch of the dungeon, and saw 3 of its levels.

You collected 99 gold pieces.

Inventory:

Hand Weapons
 a - a +0 war axe (weapon)
Missiles
 k - a throwing net (quivered)
Armour
 b - a +0 scale mail (worn)
 c - a +0 shield (worn)
Jewellery
 i - an uncursed ring of poison resistance {unknown}
 l - an uncursed ring of resist corrosion {unknown}
Scrolls
 e - a scroll of fear {unknown}
 j - 2 scrolls of remove curse {unknown}
 n - a scroll of fog {unknown}
 o - a scroll of teleportation {unknown}
 q - a scroll of identify {unknown}
Potions
 d - a potion of might
 h - a potion of degeneration {unknown}
 m - a potion of magic {unknown}
 p - a potion of haste {unknown}
 r - a potion of mutation {unknown}
 s - a potion of flight {unknown}
 t - 2 potions of curing {unknown}
Comestibles
 f - 2 bread rations
 g - a fruit


   Skills:
 - Level 3.2 Fighting
 + Level 4.9 Axes
 - Level 3.2 Armour
 - Level 3.6 Shields


You had 4 spell levels left.
You didn't know any spells.

Dungeon Overview and Level Annotations

Branches:
Dungeon (3/15)

Altars:

Annotations:
D:3 Crazy Yiuf


Innate Abilities, Weirdness & Mutations

You are under a permanent stasis effect.
You can dig through walls and to a lower floor.
Your four strong arms can wield two-handed weapons with a shield.
You have a pair of large antennae on your head (SInv).


Message History

You barely miss Crazy Yiuf. You block Crazy Yiuf's attack.
You closely miss Crazy Yiuf.
Crazy Yiuf drinks a potion.
Crazy Yiuf seems to grow stronger.
You hit Crazy Yiuf but do no damage. You block Crazy Yiuf's attack.
You slash Crazy Yiuf!
Crazy Yiuf is heavily wounded.
Crazy Yiuf hits you with a quarterstaff of chaos!
Crazy Yiuf hits you with a quarterstaff of chaos.
You closely miss Crazy Yiuf.
Crazy Yiuf is heavily wounded.
Crazy Yiuf hits you with a quarterstaff of chaos!
You barely miss Crazy Yiuf.
Crazy Yiuf is heavily wounded.
Crazy Yiuf barely misses you.
You hit Crazy Yiuf but do no damage.
Crazy Yiuf is heavily wounded.
Crazy Yiuf hits you with a quarterstaff of chaos!!
* * * LOW HITPOINT WARNING * * *
Crazy Yiuf freezes you.
You die...

...# .#.## .... . .#
##### ##.# #).)#
...# #)))# #.## )))
#.####... #g#
......... ♣@♣♣
#.####..> ♣♣)♣ ..#
♣)♣♣ .## ♣♣)♣
<######### ♣♣)♣♣
.........# ♣♣..)♣
.##.####.# ♣....♣
.##.####.# #....#
......##.######....#


You could see Crazy Yiuf.

Vanquished Creatures
  Ijyb (D:3)
  4 gnolls (D:2)
  An adder (D:2)
  A dart slug (D:1)
  A giant gecko (D:2)
  7 bats
  3 goblins
  7 hobgoblins
  7 kobolds
  A giant newt (D:2)
  3 rats
36 creatures vanquished.

Notes
Turn   | Place    | Note
--------------------------------------------------------------
     0 | D:1      | Inkary the Formicid Fighter began the quest for the Orb.
     0 | D:1      | Reached XP level 1. HP: 18/18 MP: 1/1
   151 | D:1      | Reached XP level 2. HP: 23/24 MP: 2/2
   425 | D:1      | Reached skill level 3 in Axes
   663 | D:2      | Reached XP level 3. HP: 29/29 MP: 3/3
   936 | D:2      | Reached XP level 4. HP: 35/35 MP: 4/4
   956 | D:2      | Reached skill level 4 in Axes
  1478 | D:3      | Noticed Ijyb
  1486 | D:3      | Killed Ijyb
  1486 | D:3      | Reached XP level 5. HP: 38/41 MP: 5/5
  1546 | D:3      | Noticed Crazy Yiuf
  1555 | D:3      | Slain by Crazy Yiuf

Skill      XL: |  1  2  3  4 |
---------------+-------------+-----
Axes           | 3 4 |  4.9
Fighting       | |  3.2
Armour         | |  3.2
Shields        | |  3.6

Action                   |  1- 3 |  4- 6 || total
-------------------------+-------+-------++-------
Melee: War axe           |    89 |    67 ||   156
  Eat: Fruit             |       |     1 ||     1
       Chunk             |       |     2 ||     2
Armor: Scale mail        |    59 |    17 ||    76
Dodge: Dodged            |    25 |    25 ||    50
Block: Shield            |    68 |    41 ||   109
